 Dungeon Crawl Stone Soup version 0.29-a0-559-g359e09b9d1 (webtiles) character file.

Game seed: 14173365848667616363

55 zazu2006 the Magician (level 3, -1/30 HPs)
             Began as a Naga Hedge Wizard on June 11, 2022.
             Slain by a gnoll
             ... wielding a +0 halberd
              (4 damage)
             ... on level 2 of the Dungeon.
             The game lasted 00:02:45 (2114 turns).

zazu2006 the Magician (Naga Hedge Wizard)           Turns: 2114, Time: 00:02:45

Health: -1/30      AC:  2    Str:  9 (12) XL:     3   Next: 93%
Magic:  0/8        EV:  9    Int: 13 (16) God:
Gold:   48         SH:  0    Dex:  8 (10) Spells: 0/9 levels left

rFire   + . .      SeeInvis +   i - +1 dagger (elec)
rCold   + . .      Faith    .   (no shield)
rNeg    . . .      Spirit   .   g - +0 leather armour
rPois   +          Reflect  .   c - +0 hat
rElec   +          Harm     .   (no cloak)
rCorr   +          Rampage  .   (no gloves)
Will    .....                   (no barding)
Stlth   ++........              (no amulet)
HPRegen 0.10/turn               (no ring)
MPRegen 0.11/turn               (no ring)

@: brilliant, resistant, hasted, quick
A: AC +1, large, see invisible, deformed body, poison resistance, slowness 2,
spit poison 1, naga tail 1
a: Spit Poison


You were on level 2 of the Dungeon.
You visited 1 branch of the dungeon, and saw 2 of its levels.

You collected 48 gold pieces.

Inventory:

Hand Weapons
 a - a +0 dagger
 i - a +1 dagger of electrocution (weapon)
Armour
 c - a +0 hat (worn)
 g - a +0 leather armour (worn)
Jewellery
 e - an amulet of faith
Scrolls
 h - a scroll of immolation {unknown}
 j - a scroll of torment {unknown}
Potions
 d - a potion of magic


   Skills:
 + Level 0.4 Fighting
 + Level 0.4 Armour
 + Level 1.7 Dodging
 + Level 3.4 Stealth
 + Level 3.7 Spellcasting
 + Level 1.3 Conjurations
 + Level 1.1 Summonings
 + Level 1.0 Translocations
 * Level 1.0 Poison Magic


You couldn't memorise any spells.
You knew the following spells:

 Your Spells              Type           Power      Damage    Failure   Level
a - Magic Dart            Conj           36%        1d4       17%         1
b - Mephitic Cloud        Conj/Pois/Air  6%         N/A       52%         3
c - Conjure Flame         Conj/Fire      6%         6-21      54%         3
d - Blink                 Tloc           14%        N/A       28%         2

Your spell library contained the following spells:

 Spells                   Type           Power      Damage    Failure   Level
 Slow                     Hex            12%        N/A       28%         1
 Call Imp                 Summ           7%         N/A       28%         2
 Summon Guardian Golem    Hex/Summ       5%         N/A       56%         3
 Orb of Destruction       Conj           4%         9d5       100%        7
 Spellforged Servitor     Conj/Summ      4%         N/A       100%        7


Dungeon Overview and Level Annotations

Branches:
Dungeon (2/15)

Altars:


Innate Abilities, Weirdness & Mutations

Your serpentine skin is tough. (AC +1)
You have supernaturally acute eyesight. (SInv)
Armour fits poorly on your strangely shaped body.
Your system is resistant to poisons. (rPois)
You cover ground very slowly.
You can spit poison.
You have a snake-like lower body.


Message History

Casting: Mephitic Cloud (extremely dangerous; 43% risk of failure)
Confirm with . or Enter, or press ? or * to list all spells.
You don't have enough magic to cast this spell.
Unknown command.
Okay, then.
The gnoll hits you from afar with a +2 vorpal spear.
* * * LOW HITPOINT WARNING * * *
x2
Casting: Mephitic Cloud (extremely dangerous; 43% risk of failure)
Confirm with . or Enter, or press ? or * to list all spells.
The spell is extremely dangerous to miscast (43% risk of failure)!
Continue anyway?
Aiming: Mephitic Cloud (extremely dangerous; 43% risk of failure)
Press: ? - help, Shift-Dir - straight line, f/p - gnoll
Aim: a gnoll, wielding a +2 vorpal spear (chance to affect: 91%)
The ball explodes into a vile cloud!
The stinking cloud engulfs the gnoll but does no damage. x2
The gnoll is engulfed in noxious fumes.
The gnoll appears confused.
The gnoll is engulfed in noxious fumes.
The gnoll appears confused.
The gnoll barely misses the gnoll.
Unknown command.
You have got your breath back.
The gnoll is engulfed in noxious fumes.
The gnoll appears confused.
The gnoll is engulfed in noxious fumes.
The gnoll appears confused.
It was a potion of cancellation.
You feel magically purged.
Your magical contamination has completely faded away.
The gnoll is engulfed in noxious fumes.
The gnoll appears confused.
It was a potion of degeneration.
There was something very wrong with that liquid.
You feel weakened.
You feel dopey.
You feel clumsy. The gnoll closely misses you.
The gnoll is engulfed in noxious fumes.
The gnoll appears confused.
It was a potion of resistance.
You feel protected. The gnoll barely misses you.
The gnoll barely misses the gnoll.
It was a potion of brilliance.
You feel clever all of a sudden. The gnoll closely misses you.
The gnoll barely misses you.
The gnoll hits the gnoll with a +2 vorpal spear.
It was a potion of haste.
You feel yourself speed up.
The gnoll hits you from afar with a +0 halberd.
You die...

..... ..... #. ##.#.###...####.#
#. .............#.#.# #. . ...
##.## ...#.# #. #g##
#g##.#.###..#.# ######'
..###...#...#..#.#####. #......
##.#.##.#.###..........##......
.##.?...##)##.g....(...(.........
........[.....gg@........##......
.#.#.##.####................#....
# #. #.# ###...........##.#.###
#. #.. ####...#######. #.#.# #.
....+.......# #.#.# #.
....#####...#########.#.#
#.#.###......>.........).#.# #.
.##################.# #.#


You could see 3 gnolls.

Vanquished Creatures
  A gnoll (D:2)
  An adder (D:2)
  A ball python (D:1)
  A bat (D:2)
  6 endoplasms
  A giant cockroach (D:1)
  4 goblins (D:1)
  2 hobgoblins (D:1)
  8 jackals (D:1)
  2 kobolds
  A quokka (D:1)
  A rat (D:1)
29 creatures vanquished.

Notes
Turn   | Place    | Note
-------+----------+-------------------------------------------
     0 | D:1      | zazu2006 the Naga Hedge Wizard began the quest for the Orb.
     0 | D:1      | Reached XP level 1. HP: 15/15 MP: 4/4
   466 | D:1      | Reached XP level 2. HP: 22/22 MP: 1/6
  1297 | D:1      | Reached XP level 3. HP: 28/28 MP: 6/8
  1301 | D:1      | Learned a level 3 spell: Mephitic Cloud
  1305 | D:1      | Learned a level 3 spell: Conjure Flame
  1308 | D:1      | Learned a level 2 spell: Blink
  1481 | D:1      | Found a faded altar of an unknown god.
  1919 | D:2      | Reached skill level 1 in Poison Magic
  2114 | D:2      | Slain by a gnoll

Illustrated notes

Levels and vault maps discovered:
D:1:      dpeg_arrival_tiny_c, layout_loops_corners,
          ebering_ecumenical_altar_petrified, minmay_misc_feat_cross
D:2:      layout_basic, basic_altar, st_stairs_3, minmay_ruptured

Skill      XL: |  1  2  3 |
---------------+----------+-----
Poison Magic   | 1 |  1.0
Fighting       | |  0.4
Armour         | |  0.4
Dodging        | |  1.7
Stealth        | |  3.4
Spellcasting   | |  3.7
Conjurations   | |  1.3
Summonings     | |  1.1
Translocations | |  1.0

Action                   || total
-------------------------++-------
Melee: Dagger            ||    49
 Cast: Magic Dart        ||    35
       Mephitic Cloud    ||     1
 Abil: Spit Poison       ||     6
  Use: Potion            ||     5
 Stab: Sleeping          ||     3
Armor: Robe              ||     1
       Leather armour    ||     7
Dodge: Dodged            ||    28

Table legend: (Time is in decaauts)
 A = Elapsed time spent in this place.
 B = Non-inter-level travel time spent in this place.
 C = Inter-level travel time spent in this place.
 D = Time resting spent in this place.
 E = Time spent auto-exploring this place.
 F = Levels seen in this place.
 G = Mean time per level.
                   A        B        C        D        E       F      G
               +--------+--------+--------+--------+--------+-----+--------+
         Total |   2495 |   2473 |     22 |      0 |   2208 |   2 | 1247.5 |
       Dungeon |   2495 |   2473 |     22 |      0 |   2208 |   2 | 1247.5 |
               +--------+--------+--------+--------+--------+-----+--------+

Top non-repeatable levels by time:
     D:1: 2074 daAuts
     D:2: 421 daAuts
